cohdb
Replays
Latest Replays
All Replays
Popular Replays
Top Player Replays
Match Explorer
How It Works
Community
CoH3 Stats
Reddit
Sign in to upload your games and track your stats! →
Sign in with Steam
Match 40271316
Unlisted
Match 40271316
Overview
Messages
Build Orders
End
Construct Infanterie Kompanie
Kettenkrad Recon Vehicle
Selects Terror Battlegroup
Selects Machine Gun Camouflage
MG 42 Machine Gun Team
MG 42 Machine Gun Team
Construct Panzergrenadier Kompanie
Panzergrenadier Squad
251 Medium Carrier
251 Medium Carrier
Panzergrenadier Squad
Pak 40 Anti-tank Gun Team
Construct Panzer Kompanie
Selects No Quarter
Panzer Officer Quarters
Pioneer Squad
Lakina
라쿤킹
앵그리죠
MadMouse
Crappeur42
抖音呆呆河马-英3小程序
932878721
爱姝琴的每一天
0
0
Comments
sign in to comment!
No comments posted yet!